[Event "ESTCC U50 2018"]
[Site "Walbrzych"]
[Date "2018.04.21"]
[Round "8"]
[White "Germann, Martin"]
[Black "Van Herck, Marcel"]
[Result "1/2-1/2"]
[ECO "D04"]
[WhiteElo "1755"]
[BlackElo "2061"]
[Annotator "NA"]
[PlyCount "57"]
[EventDate "2018.??.??"]
[EventCountry "POL"]
[SourceTitle "playchess.com"]
[Source "ChessBase"]
[SourceQuality "1"]
[WhiteTeam "Switzerland"]
[BlackTeam "Belgium"]
[WhiteTeamCountry "SUI"]
[BlackTeamCountry "BEL"]
[TimeControl "40/5400+30:1800+30"]

1. d4 d5 2. Nf3 Nf6 3. e3 Bf5 4. c4 e6 5. Nc3 c6 6. Be2 h6 {[%emt 0:03:43] LiveBook: 82 Games} 7. O-O Nbd7 8. Nd2 {[%emt 0:06:44] D12: Slav Defence: 3 Nf3 Nf6 4 e3 Bf5} (8. b3 Bd6 9. Bb2 O-O 10. Rc1 Qe7 11. h3 Ne4 12. Bd3 Nxc3 13. Bxc3 Bxd3 14. Qxd3 Bb4 15. Bxb4 Qxb4 16. e4 dxe4 17. Qxe4 {1-0 (28) Radjabov,T (2788)-Chadaev,N (2580) Astana 2012}) 8... Bd6 9. f3 Bh7 $146 ({Predecessor:} 9... Qb8 10. e4 Bxh2+ 11. Kh1 Nh5 12. e5 Bf4 13. Nde4 Ng3+ 14. Kg1 dxe4 15. Bxf4 Nxf1 16. fxe4 {0-1 (35) Primavera,G-Canal,E Venice 1948}) 10. e4 dxe4 11. Ndxe4 Bc7 12. Be3 O-O 13. Bd3 e5 14. d5 cxd5 15. cxd5 Bb6 16. Qe2 Bd4 17. Rad1 Qb6 18. Nxf6+ Nxf6 19. Bxh7+ Nxh7 20. Bxd4 exd4 21. Ne4 Rfd8 22. Qc4 Rac8 23. Qxd4 f5 24. Qxb6 axb6 25. Nc3 Nf6 26. Rfe1 Re8 27. Kf2 Kf7 28. g3 Rxe1 $18 29. Rxe1 1/2-1/2

[Event "ESTCC U50 2018"]
[Site "Walbrzych"]
[Date "2018.04.22"]
[Round "9"]
[White "Garcia Palermo, Carlos"]
[Black "Robertson, Ian C"]
[Result "1-0"]
[ECO "A41"]
[WhiteElo "2404"]
[BlackElo "2038"]
[Annotator "ChessBase"]
[PlyCount "73"]
[EventDate "2018.??.??"]
[EventCountry "POL"]
[SourceTitle "playchess.com"]
[Source "ChessBase"]
[SourceQuality "1"]
[WhiteTeam "Italy"]
[BlackTeam "Scotland"]
[WhiteTeamCountry "ITA"]
[BlackTeamCountry "SCO"]
[TimeControl "40/5400+30:1800+30"]

1. d4 d6 2. g3 Nf6 3. Nf3 Nbd7 4. Bg2 e5 5. c4 Be7 6. Nc3 O-O 7. O-O c6 8. Qc2 Qc7 9. b3 Rb8 10. Ba3 Re8 11. Rac1 Bf8 12. e3 b5 13. dxe5 dxe5 14. Bxf8 Nxf8 15. cxb5 cxb5 16. Nd5 Qxc2 17. Nxf6+ gxf6 18. Rxc2 Rb6 19. Rfc1 Bf5 20. Rc7 Ra6 21. Nh4 Be6 22. R1c2 Rd8 23. Bf3 Ra3 24. Be2 Rb8 25. R7c5 Bd7 26. Bf3 Rb6 27. Rd2 a5 28. Rc7 Be6 29. Rd8 Kg7 30. g4 Rxa2 31. Nf5+ Bxf5 32. gxf5 a4 33. bxa4 Ra1+ 34. Kg2 bxa4 35. Bd5 Rd1 36. Rxf7+ Kh6 37. Rfxf8 1-0

[Event "ESTCC U50 2018"]
[Site "Walbrzych"]
[Date "2018.04.22"]
[Round "9"]
[White "Rooze, Jan"]
[Black "Tuomala, Timo"]
[Result "1-0"]
[ECO "C11"]
[WhiteElo "2307"]
[BlackElo "2197"]
[Annotator "ChessBase"]
[PlyCount "64"]
[EventDate "2018.??.??"]
[EventCountry "POL"]
[SourceTitle "playchess.com"]
[Source "ChessBase"]
[SourceQuality "1"]
[WhiteTeam "Belgium"]
[BlackTeam "Finland"]
[WhiteTeamCountry "BEL"]
[BlackTeamCountry "FIN"]
[TimeControl "40/5400+30:1800+30"]

1. e4 e6 2. d4 d5 3. Nc3 Nf6 4. e5 Nfd7 5. f4 c5 6. Nf3 Nc6 7. Be3 a6 8. Qd2 b5 9. dxc5 Bxc5 10. Bd3 Qb6 11. Bf2 O-O 12. O-O f6 13. Rae1 fxe5 14. fxe5 Bb7 15. Bxc5 Nxc5 16. Kh1 b4 17. Nd1 Ne4 18. Qe3 Qa5 19. Nf2 Ne7 20. Nxe4 dxe4 21. Bxe4 Bxe4 22. Qxe4 Qxa2 23. Qxb4 Ng6 24. Ra1 Qd5 25. Rad1 a5 26. Qa4 Qc5 27. Qe4 Rab8 28. b3 Rb4 29. Qe2 Rbf4 30. Qa6 Nxe5 31. Qxe6+ Kh8 32. Rd5 Ng6 1-0

[Event "ESTCC U50 2018"]
[Site "Walbrzych"]
[Date "2018.04.22"]
[Round "9"]
[White "Sirotkina, Nina"]
[Black "Puroila, Sippo"]
[Result "1/2-1/2"]
[ECO "A45"]
[WhiteElo "2175"]
[BlackElo "1838"]
[Annotator "NA"]
[PlyCount "45"]
[EventDate "2018.??.??"]
[EventCountry "POL"]
[SourceTitle "playchess.com"]
[Source "ChessBase"]
[SourceQuality "1"]
[WhiteTeam "Russia"]
[BlackTeam "Finland"]
[WhiteTeamCountry "RUS"]
[BlackTeamCountry "FIN"]
[TimeControl "40/5400+30:1800+30"]

1. d4 Nf6 2. Bf4 g6 3. c3 Bg7 4. Nd2 d5 5. e3 Nbd7 6. Bd3 c5 7. h3 O-O 8. Ngf3 {LiveBook: 8 Games} Re8 9. Ne5 {D02: 1 d4 d5 2 Nf3 sidelines, including 2...Nf6 3 g3 and 2...Nf6 3 Bf4} (9. O-O c4 10. Bc2 b5 11. a4 Ba6 12. Re1 Qb6 13. a5 Qb7 14. Ne5 Rad8 15. Nxd7 Nxd7 16. Nf3 {½-½ (16) Travnicek,P (2235)-Wallrabenstein,U (2150) Arosa 2006}) 9... a6 10. a4 $146 ({Predecessor:} 10. Ndf3 Nxe5 11. Bxe5 Nd7 12. Bxg7 Kxg7 13. O-O e5 14. dxe5 Nxe5 15. Nxe5 Rxe5 16. Qf3 Qe7 {½-½ (42) Roux Cabral,L-Corral,H San Rafael 1951}) 10... Nxe5 11. Bxe5 b6 12. O-O Bb7 13. Qe2 Qd7 14. Rfd1 c4 15. Bc2 b5 16. axb5 axb5 17. e4 Qc6 18. f3 Bh6 19. exd5 Nxd5 20. Nf1 f5 21. Qe1 Bg7 22. Bxg7 Kxg7 23. Qe5+ $15 {Rh8} 1/2-1/2

[Event "ESTCC U50 2018"]
[Site "Walbrzych"]
[Date "2018.04.22"]
[Round "9"]
[White "Burchardt, Brigitte"]
[Black "Lewis, Andrew P"]
[Result "1/2-1/2"]
[ECO "B40"]
[WhiteElo "2166"]
[BlackElo "2279"]
[Annotator "NA"]
[PlyCount "23"]
[EventDate "2018.??.??"]
[EventCountry "POL"]
[SourceTitle "playchess.com"]
[Source "ChessBase"]
[SourceQuality "1"]
[WhiteTeam "Germany"]
[BlackTeam "England"]
[WhiteTeamCountry "GER"]
[BlackTeamCountry "ENG"]
[TimeControl "40/5400+30:1800+30"]

1. e4 c5 2. Nf3 e6 3. d3 Nc6 4. g3 Nf6 5. Bg2 d5 6. Nbd2 Be7 7. O-O b6 8. Re1 Bb7 9. c3 Qc7 {[%emt 0:03:35] LiveBook: 321 Games} 10. Nb3 O-O 11. Bf4 Qd8 $11 12. e5 1/2-1/2

[Event "ESTCC U50 2018"]
[Site "Walbrzych"]
[Date "2018.04.22"]
[Round "9"]
[White "Pastor Alonso De Prado, Alberto"]
[Black "Ograbek, Grzegorz"]
[Result "1/2-1/2"]
[ECO "C02"]
[WhiteElo "2162"]
[BlackElo "2140"]
[Annotator "NA"]
[PlyCount "81"]
[EventDate "2018.??.??"]
[EventCountry "POL"]
[SourceTitle "playchess.com"]
[Source "ChessBase"]
[SourceQuality "1"]
[WhiteTeam "Spain"]
[BlackTeam "Poland"]
[WhiteTeamCountry "ESP"]
[BlackTeamCountry "POL"]
[TimeControl "40/5400+30:1800+30"]

1. e4 e6 2. d4 d5 3. e5 c5 4. c3 Nc6 5. Nf3 Nge7 6. Na3 cxd4 7. cxd4 Nf5 8. Nc2 Nb4 9. Ne3 {[%emt 0:00:09] C02: French: Advance Variation} (9. Nxb4 Bxb4+ 10. Bd2 Bxd2+ 11. Qxd2 Bd7 12. Bd3 Nh4 13. Nxh4 Qxh4 14. Qe3 O-O 15. O-O f6 16. g3 Qh5 17. exf6 Rxf6 {1-0 (35) Shabalov,A (2556)-Ampie,M (2327) Chicago 2017}) 9... Qb6 10. Be2 Bd7 11. a3 Nc6 12. Nxf5 exf5 13. h4 $146 ({Predecessor:} 13. O-O Be7 14. b4 a6 15. Be3 O-O 16. Bd3 g6 17. Re1 f4 18. Bxf4 Nxd4 19. Nxd4 Qxd4 {1-0 (43) Malar,P-Kuna,M Slovakia 1995}) 13... Be7 14. b4 Be6 15. Bf4 Rc8 16. g3 a6 17. Rc1 O-O 18. O-O Na7 19. Bg5 Rxc1 20. Qxc1 Rc8 21. Qe3 Bf8 22. Rc1 Rxc1+ 23. Qxc1 Bd7 24. h5 h6 25. Bf4 a5 26. bxa5 Qxa5 27. Qb1 b5 28. Bd3 Qxa3 29. Nh4 b4 $15 30. Bxf5 Bxf5 31. Nxf5 Qa6 32. Nd6 Nc6 33. Qf5 Bxd6 34. exd6 b3 35. Bc1 Nxd4 36. Qxd5 Qa1 37. Kg2 Qxc1 38. d7 Ne6 39. d8=Q+ Nxd8 40. Qxd8+ Kh7 41. Qd3+ 1/2-1/2

[Event "ESTCC U50 2018"]
[Site "Walbrzych"]
[Date "2018.04.22"]
[Round "9"]
[White "Viljava, Tapani"]
[Black "Deleyn, Gunter"]
[Result "1/2-1/2"]
[ECO "B08"]
[WhiteElo "2162"]
[BlackElo "2200"]
[Annotator "NA"]
[PlyCount "42"]
[EventDate "2018.??.??"]
[EventCountry "POL"]
[SourceTitle "playchess.com"]
[Source "ChessBase"]
[SourceQuality "1"]
[WhiteTeam "Finland"]
[BlackTeam "Belgium"]
[WhiteTeamCountry "FIN"]
[BlackTeamCountry "BEL"]
[TimeControl "40/5400+30:1800+30"]

1. e4 g6 2. d4 Bg7 3. Nc3 d6 4. Nf3 Nf6 5. h3 {[%emt 0:02:30] LiveBook: 1591 Games} a6 6. Bf4 {[%emt 0:05:03] B08: Pirc Defence: Classical System} (6. Bd3 O-O 7. O-O Nc6 8. Be3 Nd7 9. Ne2 Nb4 10. Bc4 d5 11. exd5 b5 12. Bb3 Bb7 13. Nf4 Nb6 {0-1 (69) Bokros,A (2482)-Malakhov,V (2691) Antalya 2017}) 6... b5 7. e5 Nfd7 8. Bd3 $146 ({Predecessor:} 8. a4 b4 9. Nd5 Nc6 10. Bc4 O-O 11. Qe2 e6 12. Bg5 Nxd4 13. Bxd8 Nxe2 {1-0 (52) Sokolov,I (2425)-McDonald,N (2495) Groningen 1986}) 8... dxe5 9. dxe5 Nc5 10. a4 b4 11. Nd5 (11. Ne4 $5 Nxd3+ 12. Qxd3 $14 (12. cxd3 O-O $14)) 11... Ne6 12. Bg3 c5 ({Don't go for} 12... Qxd5 $2 {[#]} 13. Bb5+ $1 Qc6 14. Bxc6+ $18) 13. Bc4 Nc6 14. Qd3 O-O 15. c3 Ra7 16. Qe2 Rd7 $11 17. Rd1 bxc3 18. bxc3 Na5 19. O-O Nxc4 20. Qxc4 Bb7 21. Ne3 Qc8 1/2-1/2

[Event "ESTCC U50 2018"]
[Site "Walbrzych"]
[Date "2018.04.22"]
[Round "9"]
[White "Van Herck, Marcel"]
[Black "Salonen, Jyrki"]
[Result "0-1"]
[ECO "A46"]
[WhiteElo "2061"]
[BlackElo "2159"]
[Annotator "NA"]
[PlyCount "44"]
[EventDate "2018.??.??"]
[EventCountry "POL"]
[SourceTitle "playchess.com"]
[Source "ChessBase"]
[SourceQuality "1"]
[WhiteTeam "Belgium"]
[BlackTeam "Finland"]
[WhiteTeamCountry "BEL"]
[BlackTeamCountry "FIN"]
[TimeControl "40/5400+30:1800+30"]

1. d4 Nf6 2. Nf3 d6 3. Nc3 Bf5 4. Nh4 Bd7 {[%emt 0:01:57] A46: 1 d4 Nf6 2 Nf3 e6: Torre, London and Colle Systems} 5. e4 e5 6. Nf3 {[%emt 0:00:55] LiveBook: 25 Games} Nc6 7. Be2 (7. h3 exd4 8. Nxd4 Be7 9. g4 Nxd4 10. Qxd4 O-O 11. g5 Ne8 12. h4 {1-0 (35) Ganguly,S (2615)-Harika,D (2505) Doha 2014}) 7... Be7 8. O-O O-O 9. h3 $146 ({Predecessor:} 9. dxe5 dxe5 10. Be3 Ng4 11. Bd2 Bc5 12. Qe1 a6 13. Nd5 b5 14. c4 b4 15. Bxb4 Nxb4 16. Nxb4 {1-0 (38) Lauret,A (1470)-Caron,J (1980) Reunion 2004}) 9... h6 10. Be3 exd4 11. Nxd4 Re8 12. f4 Nxe4 13. Nxe4 Bf8 14. Bf3 d5 $1 15. Nc3 Rxe3 16. Nxd5 Re8 17. Nxc6 Bxc6 18. c4 {[%emt 0:02:44] [#]} Qd6 ({Better is} 18... Bd7 $1 $17 19. Nc3 c6) 19. Qd4 a6 20. b3 Rad8 $15 21. g3 Bd7 22. Rfe1 c6 0-1

[Event "ESTCC U50 2018"]
[Site "Walbrzych"]
[Date "2018.04.22"]
[Round "9"]
[White "Wielosz, Jaroslaw"]
[Black "Lopez de Turiso, Jose Angel"]
[Result "1-0"]
[ECO "A05"]
[WhiteElo "2038"]
[BlackElo "2064"]
[Annotator "NA"]
[PlyCount "93"]
[EventDate "2018.??.??"]
[EventCountry "POL"]
[SourceTitle "playchess.com"]
[Source "ChessBase"]
[SourceQuality "1"]
[WhiteTeam "Poland"]
[BlackTeam "Spain"]
[WhiteTeamCountry "POL"]
[BlackTeamCountry "ESP"]
[TimeControl "40/5400+30:1800+30"]

1. Nf3 Nf6 2. d4 d6 3. c4 e5 {[%emt 0:01:28] A53: Old Indian Defence without Nf3} (3... g6 4. g3 Bg7 5. Bg2 c6 6. O-O O-O 7. Nc3 Bf5 8. Ne1 Be6 9. b3 d5 10. Nd3 Ne4 11. Nxe4 dxe4 12. Nc5 Bc8 13. Nxe4 Qxd4 14. Rb1 Qxd1 15. Rxd1 Nd7 16. Ba3 Re8 {1-0 (53) Bu,X (2730)-Rakhmanov,A (2653) Riadh 2017}) 4. dxe5 Ne4 5. Nbd2 Bf5 6. Nxe4 Bxe4 7. Bf4 d5 $146 ({Predecessor:} 7... Nc6 8. exd6 cxd6 9. Nd2 Qa5 10. f3 Bg6 11. e4 {0-1 (37) Favarel,C (2092)-Tseveendorj,I (2103) France 2009}) 8. a3 Be7 9. e3 O-O 10. Nd2 Bg6 11. Be2 d4 12. Bf3 dxe3 13. Bxe3 (13. fxe3 $14 Nc6 14. Ne4) 13... Nd7 14. Bd4 Nc5 15. Bxc5 $1 Bxc5 16. Nb3 ({But not} 16. Bxb7 Rb8 $17) 16... Re8 17. O-O ({Much weaker is} 17. Nxc5 $6 Rxe5+ 18. Be2 Rxc5 $11) 17... Rxe5 18. Qxd8+ ({White should try} 18. Bxb7 Qxd1 19. Rfxd1 (19. Raxd1 Rb8 $16)) 18... Rxd8 19. Rfe1 ({Better is} 19. Nxc5 $16 Rxc5 20. Rad1) 19... Rxe1+ 20. Rxe1 Bf8 21. Bxb7 Rd3 22. Nc1 Rd2 23. b4 h6 24. g3 Bc2 25. Kg2 a5 26. bxa5 Bxa3 27. Re2 Rxe2 28. Nxe2 Bd3 29. Nc3 Bxc4 30. Na4 Bd6 31. a6 Bxa6 32. Bxa6 g6 33. Nc3 Bb4 34. Nd5 Bd6 35. Kf3 f5 36. Bc4 Kg7 37. Nc3 Bc5 38. Ke2 Bb4 39. Nd5 Bd6 40. f3 c6 41. Nc3 g5 42. Be6 Kf6 43. Bd7 c5 44. Kd3 h5 45. Nd5+ Kg6 46. Be8+ $18 Kh6 47. Ne3 1-0

[Event "ESTCC U50 2018"]
[Site "Walbrzych"]
[Date "2018.04.22"]
[Round "9"]
[White "Reuben, Stewart"]
[Black "Wagner-Michel, Annett"]
[Result "0-1"]
[ECO "A22"]
[WhiteElo "2026"]
[BlackElo "2104"]
[Annotator "NA"]
[PlyCount "54"]
[EventDate "2018.??.??"]
[EventCountry "POL"]
[SourceTitle "playchess.com"]
[Source "ChessBase"]
[SourceQuality "1"]
[WhiteTeam "England"]
[BlackTeam "Germany"]
[WhiteTeamCountry "ENG"]
[BlackTeamCountry "GER"]
[TimeControl "40/5400+30:1800+30"]

1. c4 e5 2. Nc3 Nf6 3. g3 d5 4. cxd5 Nxd5 5. Bg2 Nb6 6. d3 {[%emt 0:00:33] LiveBook: 366 Games} Be7 7. f4 exf4 {[%emt 0:13:52] A22: English Opening: 1...e5 2 Nc3 Nf6} 8. Bxf4 O-O 9. Nf3 Nc6 (9... c6 10. O-O Na6 11. d4 Nc7 12. e4 Bg4 13. Ne2 Ne6 14. Be3 Nc4 15. Bf2 Bxf3 16. Bxf3 {0-1 (39) Piorun,K (2651)-Nasuta,G (2447) Karlsruhe 2017}) 10. Qd2 f6 $146 ({Predecessor:} 10... Re8 11. O-O Bf5 12. h3 Qd7 13. Kh2 Rad8 14. Rad1 Bg6 15. d4 {1-0 (41) Nureev,G (2421)-Khassanov,M (2338) St Petersburg 2000}) 11. O-O Bc5+ 12. Be3 $2 {[%emt 0:02:29] [#]} (12. Kh1 $1 $11 {and White has nothing to worry.}) 12... Nc4 $1 13. dxc4 Qxd2 14. Nxd2 $2 (14. Bxc5 Qc2 15. Rfc1) 14... Bxe3+ 15. Rf2 Bxd2 16. Nd5 Bb4 17. Nxc7 Rb8 18. e3 Bc5 19. Re2 Bg4 20. Ree1 Ne5 21. Bd5+ Kh8 22. Kg2 Nd3 23. Rf1 Be2 24. Rfb1 Bxe3 25. Re1 Bb6 26. Rxe2 Bxc7 27. Re7 Be5 $19 ({Inferior is} 27... Nxb2 28. Rxc7 Rfc8 29. Rxc8+ Rxc8 30. Rb1 $11) 0-1

[Event "ESTCC U50 2018"]
[Site "Walbrzych"]
[Date "2018.04.22"]
[Round "9"]
[White "De la Orden Alcocer, Alejandro"]
[Black "Strzelecki, Jerzy"]
[Result "1/2-1/2"]
[ECO "A36"]
[WhiteElo "2013"]
[BlackElo "2038"]
[Annotator "NA"]
[PlyCount "52"]
[EventDate "2018.??.??"]
[EventCountry "POL"]
[SourceTitle "playchess.com"]
[Source "ChessBase"]
[SourceQuality "1"]
[WhiteTeam "Spain"]
[BlackTeam "Poland"]
[WhiteTeamCountry "ESP"]
[BlackTeamCountry "POL"]
[TimeControl "40/5400+30:1800+30"]

1. c4 c5 2. Nc3 Nc6 3. g3 g6 4. Bg2 Bg7 5. d3 d6 6. Nf3 e5 7. O-O Nge7 8. Ne1 Be6 9. Nc2 O-O 10. Ne3 Qd7 11. Ned5 Bh3 12. Nxe7+ {[%emt 0:00:09] A37: Symmetrical English vs ...g6: 4 Bg2 Bg7 5 Nf3} (12. Rb1 Bxg2 13. Kxg2 f5 14. a3 Rac8 15. f3 Rf7 16. b4 Nxd5 17. Nxd5 Ne7 18. Nxe7+ Rxe7 19. Be3 Qe6 20. bxc5 dxc5 {0-1 (72) Lenderman,A (2611)-Le,Q (2737) chess.com INT 2018}) 12... Nxe7 13. e4 Bxg2 14. Kxg2 f5 15. Bg5 $146 ({Predecessor:} 15. f3 f4 16. g4 h5 17. h3 Kf7 18. Bd2 Rh8 19. Qa4 Nc6 20. Rh1 Rh7 21. Nd5 Rah8 22. Rag1 hxg4 23. hxg4 Rh4 24. Rxh4 Rxh4 25. Qd1 Ne7 {½-½ (25) Sagafos,M (2301)-Lie,K (2523) Gausdal 2006}) 15... Bf6 16. Bxf6 Rxf6 17. f3 Raf8 18. Qa4 Nc6 19. Rad1 Qg7 20. Qc2 Nd4 21. Qd2 fxe4 22. fxe4 Qf7 (22... Nf3 $5 23. Qc1 Qd7 $17) 23. Rxf6 Qxf6 24. Qe3 Nc2 25. Qe2 Nd4 $11 26. Qe3 Nc2 1/2-1/2

[Event "ESTCC U50 2018"]
[Site "Walbrzych"]
[Date "2018.04.22"]
[Round "9"]
[White "Kierzek, Mira"]
[Black "Scowen, Roger S"]
[Result "1/2-1/2"]
[ECO "D02"]
[WhiteElo "2011"]
[BlackElo "1882"]
[Annotator "NA"]
[PlyCount "44"]
[EventDate "2018.??.??"]
[EventCountry "POL"]
[SourceTitle "playchess.com"]
[Source "ChessBase"]
[SourceQuality "1"]
[WhiteTeam "Germany"]
[BlackTeam "England"]
[WhiteTeamCountry "GER"]
[BlackTeamCountry "ENG"]
[TimeControl "40/5400+30:1800+30"]

1. Nf3 d5 2. d4 Nf6 3. g3 c6 4. Bg2 e6 5. O-O Be7 6. Nbd2 O-O 7. c4 b6 8. Qc2 Bb7 9. e4 dxe4 {[%emt 0:05:35] LiveBook: 49 Games} 10. Nxe4 Nbd7 11. Rd1 Nxe4 12. Qxe4 Nf6 13. Qe2 Qc8 14. b3 Re8 15. Bb2 {[%emt 0:01:14] E09: Closed Catalan: Main Line: 7 Qc2 c6 8 Nbd2} c5 16. Rac1 $146 ({Predecessor:} 16. Ne5 Bxg2 17. Kxg2 Qc7 18. dxc5 Bxc5 19. Rd3 Rad8 20. Rad1 Rd6 21. Rxd6 Bxd6 22. f3 Rd8 {½-½ (32) Simecek,B (2086)-Radeva,V (2214) Prague 2017}) 16... a5 17. dxc5 bxc5 18. Ne5 Bxg2 19. Kxg2 a4 20. Qf3 Ra6 21. Rd3 Qa8 22. Rcd1 Qxf3+ $11 {[%emt 0:01:59] Rc1} 1/2-1/2

[Event "ESTCC U50 2018"]
[Site "Walbrzych"]
[Date "2018.04.22"]
[Round "9"]
[White "Roth, Martin"]
[Black "Laszewicz, Pawel"]
[Result "0-1"]
[ECO "C26"]
[WhiteElo "2008"]
[BlackElo "2110"]
[Annotator "NA"]
[PlyCount "126"]
[EventDate "2018.??.??"]
[EventCountry "POL"]
[SourceTitle "playchess.com"]
[Source "ChessBase"]
[SourceQuality "1"]
[WhiteTeam "SUI"]
[BlackTeam "POL"]
[WhiteTeamCountry "GER"]
[BlackTeamCountry "POL"]
[TimeControl "40/5400+30:1800+30"]

1. e4 e5 2. Nc3 Nf6 3. g3 Nc6 4. Bg2 Bc5 5. d3 O-O 6. Be3 {[%emt 0:02:21] C26: Vienna Game: 2...Nf6, sidelines} (6. Nge2 Nd4 7. O-O d6 8. h3 c6 9. Na4 Nxe2+ 10. Qxe2 Bb4 11. f4 Qa5 12. Nc3 exf4 13. gxf4 Qh5 {1-0 (57) Pridorozhni,A (2563)-Maletin,P (2577) Khanty-Mansiysk 2015}) 6... Bxe3 7. fxe3 d6 8. h3 $146 ({Find the theoretical novelty and annotate with similar games:} 8. Qd2 Rb8 9. Nge2 b5 10. a3 a5 11. O-O b4 12. axb4 axb4 13. Nd5 Nxd5 14. exd5 {½-½ (41) Uritzky,M (2418)-Malachi,A (2218) Israel 2002}) 8... Be6 9. Nd5 Bxd5 10. exd5 Ne7 11. e4 c6 12. dxc6 bxc6 13. Ne2 Qb6 14. Qd2 Qxb2 15. O-O Rab8 16. Kh2 Ng6 17. Nc3 Qa3 18. Rab1 Rb6 19. Rb3 Qa5 20. Qe1 Rxb3 21. axb3 Qc7 22. Na4 c5 23. Qd2 Rd8 24. Qc3 Qe7 25. Bf3 Nf8 26. Qa5 Ne6 27. Nc3 Nd4 28. Rf2 g6 29. Nd1 h5 30. Qd2 Kg7 31. Ne3 Qe6 32. h4 Nxf3+ 33. Rxf3 Ng4+ 34. Kg2 Nxe3+ 35. Qxe3 Qe7 36. Rf1 Rb8 37. Qf2 Rb7 38. Qd2 Rd7 39. Qf2 d5 40. Qf3 dxe4 41. dxe4 Rd2+ 42. Rf2 Rd4 43. c3 Rd7 44. Qe3 Qd6 45. Qf3 Rb7 46. Kh2 f6 47. Ra2 Qe6 48. c4 Rd7 49. Kg2 (49. Qe3 $17) 49... a6 50. Qe3 Qc6 51. Kf2 Rd4 52. Re2 Qd6 53. Qf3 Rd3 54. Re3 Qd4 55. Ke2 Qxe3+ 56. Qxe3 Rxe3+ 57. Kxe3 a5 58. Kf3 f5 59. Ke3 Kf6 60. Kf3 Ke6 61. Ke3 $19 Kd6 62. Kf3 Kc6 63. Ke3 Kb6 0-1

[Event "ESTCC U50 2018"]
[Site "Walbrzych"]
[Date "2018.04.22"]
[Round "9"]
[White "Czyz, Andrzej"]
[Black "Ruiz Bellon, Manuel"]
[Result "1-0"]
[ECO "A00"]
[WhiteElo "1999"]
[BlackElo "1861"]
[Annotator "NA"]
[PlyCount "93"]
[EventDate "2018.??.??"]
[EventCountry "POL"]
[SourceTitle "playchess.com"]
[Source "ChessBase"]
[SourceQuality "1"]
[WhiteTeam "Poland"]
[BlackTeam "Spain"]
[WhiteTeamCountry "POL"]
[BlackTeamCountry "ESP"]
[TimeControl "40/5400+30:1800+30"]

1. b4 e5 2. Bb2 e4 3. a3 d5 4. d3 exd3 5. exd3 Nf6 6. Be2 Bd6 7. Nf3 O-O 8. O-O Bf5 9. Re1 Nbd7 10. Nbd2 c5 11. bxc5 Bxc5 12. Nb3 Bb6 13. Nfd4 Bg6 14. a4 a6 15. Bf3 Qc7 16. Qd2 Ne5 17. h3 Rac8 18. Bd1 Rfe8 19. Kh1 Qd6 20. f4 Ned7 21. Rxe8+ Rxe8 22. Ba3 Qc7 23. Bf3 h5 24. Rf1 h4 $11 25. Bd1 Ba7 26. Qf2 Qc3 27. Bc1 Qb4 28. a5 Bxd4 29. Qxd4 Qxd4 30. Nxd4 Nh5 31. Bxh5 Bxh5 32. Bd2 f6 33. f5 Ne5 34. Rb1 Nc6 35. Ne6 Re7 36. Nc5 Re2 37. Nb3 Rf2 38. Kg1 Rxf5 39. d4 Be2 40. Bc3 Bb5 41. Nc5 Nd8 42. Nxb7 Nxb7 43. Rxb5 axb5 44. a6 Nd6 45. a7 Ne4 46. a8=Q+ Kh7 47. Be1 1-0

[Event "ESTCC U50 2018"]
[Site "Walbrzych"]
[Date "2018.04.22"]
[Round "9"]
[White "Sihvonen, Tero"]
[Black "Van de Wynkele, Herman"]
[Result "0-1"]
[ECO "B52"]
[WhiteElo "1988"]
[BlackElo "2048"]
[Annotator "NA"]
[PlyCount "106"]
[EventDate "2018.??.??"]
[EventCountry "POL"]
[SourceTitle "playchess.com"]
[Source "ChessBase"]
[SourceQuality "1"]
[WhiteTeam "Finland"]
[BlackTeam "Belgium"]
[WhiteTeamCountry "FIN"]
[BlackTeamCountry "BEL"]
[TimeControl "40/5400+30:1800+30"]

1. e4 c5 2. Nf3 d6 3. Bb5+ Bd7 4. a4 Nc6 5. c3 {[%emt 0:00:57] B52: Sicilian: Moscow Variation with 3...Bd7} (5. O-O g6 6. c3 Nf6 7. d4 cxd4 8. cxd4 Bg7 9. Nc3 O-O 10. h3 a6 11. Bc4 Rc8 12. Re1 Ne8 13. Bb3 Na5 {1-0 (66) Caruana,F (2799)-Nepomniachtchi,I (2729) London 2017}) 5... Nf6 6. Bd3 g6 $146 ({Predecessor:} 6... Bg4 7. Bc2 Ne5 8. d4 Nxf3+ 9. gxf3 Bh5 10. a5 e6 11. Ba4+ Nd7 12. dxc5 dxc5 {0-1 (34) Grosse,M (1983)-Jacobsen,T (1641) Graz 2014}) 7. O-O Bg7 8. Bc2 O-O 9. d4 cxd4 10. Nxd4 d5 11. exd5 Nxd5 12. Ne2 Be6 13. Na3 f5 14. Nb5 Bf7 15. Nf4 a6 16. Na3 Nxf4 17. Bxf4 e5 18. Qxd8 Rfxd8 19. Bg5 Re8 20. Rad1 Be6 21. Rd6 h6 22. Be3 Bf8 23. Rxe6 Rxe6 24. Bb3 Rae8 25. Rd1 f4 26. Bb6 Bxa3 27. bxa3 Kf7 28. Rd7+ R8e7 29. Rd1 Ke8 30. Bxe6 Rxe6 31. f3 g5 32. Kf2 h5 33. h3 $11 Rg6 34. a5 g4 35. hxg4 hxg4 36. Rh1 gxf3 37. gxf3 Rg7 38. Rh2 Rd7 39. Ke2 Kf7 40. Rh7+ Ke6 41. Rh6+ Kf5 42. Rh5+ Kg6 43. Rh8 Ne7 44. Rd8 Rxd8 45. Bxd8 Nd5 46. Kd3 Kf5 47. a4 Ne3 48. Bb6 Nd5 49. Kd2 Nxb6 50. axb6 e4 51. fxe4+ Kxe4 52. Ke2 a5 53. Kf2 Kd3 0-1

[Event "ESTCC U50 2018"]
[Site "Walbrzych"]
[Date "2018.04.22"]
[Round "9"]
[White "Pietinen, Pekka"]
[Black "Grabuzova, Tatiana"]
[Result "0-1"]
[ECO "A40"]
[WhiteElo "1983"]
[BlackElo "2311"]
[Annotator "NA"]
[PlyCount "43"]
[EventDate "2018.??.??"]
[EventCountry "POL"]
[SourceTitle "playchess.com"]
[Source "ChessBase"]
[SourceQuality "1"]
[WhiteTeam "Finland"]
[BlackTeam "Russia"]
[WhiteTeamCountry "FIN"]
[BlackTeamCountry "RUS"]
[TimeControl "40/5400+30:1800+30"]

1. d4 e6 2. Bf4 f5 3. Nf3 Nf6 4. e3 b6 5. Be2 Bb7 6. h3 {[%emt 0:02:14] A80: Dutch Defence: Unusual White second moves} (6. O-O Be7 7. h3 O-O 8. c4 Ne4 9. Nfd2 Nxd2 10. Nxd2 d6 11. Bf3 Bxf3 12. Nxf3 Nd7 13. Qa4 a5 {½-½ (30) Shankland,S (2656)-Ivanchuk,V (2733) Edmonton 2015}) 6... g6 7. O-O Bg7 8. c4 O-O 9. Nc3 d6 $146 ({Find the theoretical novelty and annotate with similar games:} 9... Ne4 10. Rc1 d6 11. Bh2 Nxc3 12. Rxc3 Nd7 13. b4 a5 {1-0 (52) Lakdawala,C (2438)-Yee,K (2293) Los Angeles 1999}) 10. a4 Ne4 11. Bh2 Nxc3 12. bxc3 Qe7 13. Nd2 e5 14. a5 Nd7 15. Nb3 a6 16. Bf3 e4 17. Be2 g5 18. Qd2 Bh6 19. c5 ({White should try} 19. axb6 $16 cxb6 20. Rfb1) 19... dxc5 $16 ({Black should play} 19... bxc5 $11 20. dxc5 Nxc5) 20. Bxc7 b5 21. Nxc5 Nxc5 22. dxc5 0-1